 Dungeon Crawl Stone Soup version bcrawl-1.23 (webtiles) character file.

Game seed: 11524259903555720281

71 Delver the Chopper (level 4, 0/37 HPs)
             Began as a Sand Dwarf Skald on May 26, 2020.
             Slain by a hobgoblin
             ... wielding a +0 club
              (3 damage)
             ... on level 3 of the Dungeon on May 27, 2020.
             The game lasted 00:50:50 (1802 turns).

Delver the Chopper (Sand Dwarf Skald)               Turns: 1802, Time: 00:50:50

Health: 0/37       AC:  4    Str: 17    XL:     4   Next: 24%
Magic:  4/7        EV: 14    Int: 13    God:
Gold:   102        SH:  0    Dex: 10    Spells: 3/7 levels left

rFire    . . .     SeeInvis .   a - +0 hand axe
rCold    . . .     Gourm    .   (shield restricted)
rNeg     . . .     Faith    .   b - +0 leather armour
rPois    .         Spirit   .   (no helmet)
rElec    .         Reflect  .   (no cloak)
rCorr    .         Harm     .   o - +0 pair of gloves
MR       .....                  (no boots)
Stlth    +.........             (no amulet)
HPRegen  0.12/turn              (no ring)
MPRegen  0.10/turn              (no ring)

@: berserk cooldown, slowed, very slow
A: small, slowness 1, armour attunement
a: no special abilities


You were on level 3 of the Dungeon.
You were not hungry.

You visited 1 branch of the dungeon, and saw 3 of its levels.

You collected 102 gold pieces.

Inventory:

Hand Weapons
 a - a +0 hand axe (weapon)
 c - a +0 mace
 f - a +0 hand axe
 g - a +0 dagger
 k - a +0 short sword
 s - a +0 short sword
Missiles
 m - 306 stones (quivered)
Armour
 b - a +0 leather armour (worn)
 h - a +0 ring mail
 j - a +0 leather armour
 l - a +0 leather armour
 o - a +0 pair of gloves (worn)
 q - a +0 leather armour
Scrolls
 n - 3 scrolls of identify
 p - a scroll of magic mapping
Comestibles
 e - 2 rations {!d}


   Skills:
 + Level 2.7 Fighting
 + Level 3.6 Axes
 + Level 1.1 Throwing
 + Level 1.6 Armour
 + Level 1.8 Dodging
 + Level 2.2 Spellcasting
 + Level 3.4 Charms


You had 3 spell levels left.
You knew the following spells:

 Your Spells              Type           Power        Failure   Level  Hunger
a - Infusion              Chrm           ##......     6%          1    ##.....
b - Ozocubu's Armour      Chrm/Ice       #.......     36%         3    ####...

Your spell library contained the following spells:

 Spells                   Type           Power        Failure   Level  Hunger
 Song of Slaying          Chrm           ##......     10%         2    ###....
 Regeneration             Chrm/Necr      #.........   36%         3    ####...
 Spectral Weapon          Hex/Chrm       #.......     36%         3    ####...


Dungeon Overview and Level Annotations

Branches:
Dungeon (3/12)

Altars:
Makhleb

Annotations:
D:3 Sigmund


Innate Abilities, Weirdness & Mutations

You are small and have problems with some larger weapons.
You cover ground slowly.
Armour does not affect your spellcasting.


Message History

The hobgoblin is heavily wounded.
The hobgoblin hits you with a +0 club.
* * * LOW HITPOINT WARNING * * *
The hobgoblin closely misses you. Something hits you!
* * * LOW HITPOINT WARNING * * *
The hobgoblin barely misses you.
Items here: ) ††† a +0 club; a worm corpse; a hobgoblin corpse; a jackal corpse
Casting: Ozocubu's Armour (slightly dangerous; 36% risk of failure)
Confirm with . or Enter, or press ? or * to list all spells.
A cloud of ice covers your body! The hobgoblin closely misses you.
You hit the hobgoblin.
The hobgoblin is almost dead.
Your icy armour evaporates.
Sigmund appears from thin air!
Reactivating autopickup.
Sigmund casts a spell at you. You resist with some effort.
The hobgoblin hits you with a +0 club.
You die...

#.. .... ... ..#
#### #.# ..... ##
#####.#####......
.K......@.@.+s.....
...###..g###K..g..
#. #..†# .K...
####..##...###.....#
.......)............
#####.##............
.. ............ . ##
#.###....!... #.
#........


You could see Sigmund and a hobgoblin.

Vanquished Creatures
  3 worms
  6 leopard geckos
  An orc (D:3)
  2 bats
  5 giant cockroaches
  2 goblins (D:1)
  10 hobgoblins
  7 jackals
  6 kobolds
  3 frilled lizards
  4 rats (D:1)
49 creatures vanquished.

Notes
Turn   | Place    | Note
-------+----------+-------------------------------------------
     0 | D:1      | Delver the Sand Dwarf Skald began the quest for the Orb.
     0 | D:1      | Reached XP level 1. HP: 18/18 MP: 3/3
   127 | D:1      | Reached XP level 2. HP: 20/25 MP: 5/5
   583 | D:1      | Reached XP level 3. HP: 10/30 MP: 6/6
  1160 | D:2      | Learned a level 3 spell: Ozocubu's Armour
  1175 | D:2      | Found a faded altar of an unknown god.
  1568 | D:2      | Reached XP level 4. HP: 37/37 MP: 7/7
  1599 | D:2      | Found a burning altar of Makhleb.
  1756 | D:3      | Noticed Sigmund
  1787 | D:3      | Reached skill level 1 in Throwing
  1802 | D:3      | Slain by a hobgoblin

Skill      XL: |  1  2  3  4 |
---------------+-------------+-----
Axes           | 3 |  3.6
Throwing       | 1 |  1.1
Fighting       | |  2.7
Armour         | |  1.6
Dodging        | |  1.8
Spellcasting   | |  2.2
Charms         | |  3.4

Action                   |  1- 3 |  4- 6 || total
-------------------------+-------+-------++-------
Melee: Hand axe          |   179 |    33 ||   212
Throw: Stone             |    87 |    11 ||    98
 Cast: Infusion          |     1 |       ||     1
       Ozocubu's Armour  |       |     3 ||     3
  Use: Scroll            |     4 |     3 ||     7
       Potion            |     3 |     1 ||     4
  Eat: Ration            |     1 |     1 ||     2
Armor: Leather armour    |    21 |     8 ||    29
       Ring mail         |     8 |       ||     8
Dodge: Dodged            |   114 |    27 ||   141
